 Dungeon Crawl Stone Soup version 0.27-a0-1189-gb8eb6cee8e (webtiles) character file.

Game seed: 15685945476742525606

9333 siradein the Basher (level 11, 0/60 HPs)
             Began as a Gargoyle Fighter on May 22, 2021.
             Was a Believer of Wu Jian.
             Slain by a two-headed ogre
             ... wielding a +0 giant club
              (15 damage)
             ... on level 10 of the Dungeon.
             The game lasted 00:25:54 (12478 turns).

siradein the Basher (Gargoyle Fighter)             Turns: 12478, Time: 00:25:54

Health: 0/60       AC: 14    Str: 22    XL:     11   Next: 44%
Magic:  11/11      EV: 10    Int: 10    God:    Wu Jian [**....]
Gold:   523        SH: 12    Dex:  9    Spells: 10/10 levels left

rFire    . . .     SeeInvis .   s - +3 flail (freeze)
rCold    . . .     Faith    .   c - +0 kite shield
rNeg     + . .     Spirit   .   J - +0 troll leather armour
rPois    ∞         Reflect  .   p - +0 helmet
rElec    +         Harm     .   (no cloak)
rCorr    .         Rampage  .   (no gloves)
Will     .....                  v - +0 pair of boots
Stlth    +.........             (no amulet)
HPRegen  1.20/turn              w - ring of flight
MPRegen  0.12/turn              (no ring)

@: flying
A: sickness immunity, AC +8, negative energy resistance 1, electricity
resistance, torment resistance 1, petrification resistance
a: Renounce Religion, Wall Jump


You were on level 10 of the Dungeon.
You worshipped Wu Jian.
Wu Jian was pleased with you.
You visited 2 branches of the dungeon, and saw 11 of its levels.

You collected 523 gold pieces.

Inventory:

Hand Weapons
 s - a +3 flail of freezing (weapon)
 F - a +2 whip of freezing
Missiles
 a - 5 javelins
 q - 329 stones
 u - 20 poisoned darts (quivered)
 D - 3 curare-tipped darts
 G - 3 boomerangs of dispersal
 H - 2 throwing nets
Armour
 c - a +0 kite shield (worn)
 p - a +0 helmet (worn)
 v - a +0 pair of boots (worn)
 J - a +0 troll leather armour (worn)
Jewellery
 b - a ring of ice
 k - an amulet of magic regeneration
 r - a ring of wizardry
 w - a ring of flight (left hand)
Wands
 z - a wand of charming (5)
 A - a wand of digging (4)
 B - a wand of flame (9)
Scrolls
 f - 6 scrolls of identify {unknown}
 g - a scroll of torment {unknown}
 l - a scroll of summoning {unknown}
 m - a scroll of enchant armour {unknown}
 n - 4 scrolls of noise {unknown}
 o - 3 scrolls of teleportation {unknown}
 t - 2 scrolls of fear {unknown}
 x - a scroll of immolation {unknown}
 y - a scroll of fog {unknown}
 I - a scroll of blinking {unknown}
 K - a scroll of enchant weapon {unknown}
Potions
 d - 3 potions of might
 e - 2 potions of degeneration {unknown}
 h - 4 potions of brilliance {unknown}
 i - a potion of mutation {unknown}
 j - 2 potions of curing
 C - 2 potions of cancellation {unknown}
 E - a potion of lignification {unknown}


   Skills:
 - Level 3.2 Fighting
 - Level 14.0 Maces & Flails
 - Level 3.2 Armour
 + Level 11.4 Shields


You had 10 spell levels left.
You didn't know any spells.
Your spell library contained the following spells:

 Spells                   Type           Power      Damage    Failure   Level
 Sting                    Tmut/Pois      0%         1d3       56%         1
 Summon Small Mammal      Summ           0%         N/A       56%         1
 Call Imp                 Summ           0%         N/A       71%         2
 Poisonous Vapours        Pois/Air       0%         N/A       71%         2
 Call Canine Familiar     Summ           0%         N/A       91%         3
 Ignite Poison            Fire/Tmut/Pois 0%         N/A       91%         3
 Mephitic Cloud           Conj/Pois/Air  0%         N/A       91%         3
 Summon Guardian Golem    Hex/Summ       0%         N/A       91%         3
 Cause Fear               Hex            0%         N/A       100%        4
 Olgreb's Toxic Radiance  Pois           0%         N/A       100%        4
 Summon Ice Beast         Ice/Summ       0%         N/A       100%        4
 Summon Lightning Spire   Summ/Air       0%         N/A       100%        4
 Silence                  Hex/Air        0%         N/A       100%        5
 Yara's Violent Unravell  Hex/Tmut       0%         3d3       100%        5
 Discord                  Hex            0%         N/A       100%        8


Dungeon Overview and Level Annotations

Branches:
Dungeon (10/15)            Temple (1/1) D:7            Lair (0/6) D:9
    Orc: D:9-12

Altars:
Ashenzari
Cheibriados
Dithmenos
Elyvilon
Fedhas
Gozag
Hepliaklqana
Kikubaaqudgha
Makhleb
Nemelex Xobeh
Okawaru
Qazlal
Ru
Sif Muna
Trog
Uskayaw
Vehumet
Wu Jian
Xom
Yredelemnul
Zin
The Shining One

Shops:
D:1 :

Annotations:
D:3 3 runed translucent doors, 2FriedEggs's ghost, weakling GnAr; CougarLife's ghost, amateur GnTm; PewDiePie's ghost, amateur DsGl; mandarbmax's ghost, weakling TrMo; siradein's ghost, amateur GrGl
D:8 exclusion: orange crystal statue


Innate Abilities, Weirdness & Mutations

You are immune to sickness and miasma.
Your stone body is resilient. (AC +8)
You are immune to poison.
You resist negative energy. (rN+)
You are resistant to electric shocks. (rElec)
You are resistant to unholy torment.
You are immune to petrification.


Message History

You thump the two-headed ogre! You freeze the two-headed ogre.
The two-headed ogre is heavily wounded.
The two-headed ogre barely misses you.
The two-headed ogre hits you with a +0 giant spiked club!
You spin and attack the two-headed ogre.
You sock the two-headed ogre! You freeze the two-headed ogre.
The two-headed ogre is severely wounded.
The two-headed ogre hits you with a +0 giant club!
You block the two-headed ogre's attack.
You spin and attack the two-headed ogre.
You hit the two-headed ogre but do no damage.
The two-headed ogre is severely wounded.
The two-headed ogre hits you with a +0 giant club!!
The two-headed ogre hits you with a +0 giant spiked club!
You spin and attack the two-headed ogre.
You hit the two-headed ogre. You freeze the two-headed ogre.
The two-headed ogre is almost dead.
You block the two-headed ogre's attack.
The two-headed ogre hits you with a +0 giant spiked club.
* * * LOW HITPOINT WARNING * * *
You see here a +0 quarterstaff.
Throw: 21 darts (poison)
Press: ? - help, Q - select action, (/) - cycle Shift-Dir - straight line, f/p - two-headed ogre
Aim: a two-headed ogre, wielding a +0 giant club and a +0 giant spiked club (severely wounded, 71% to hit)
You throw a poisoned dart.
The poisoned dart hits the two-headed ogre.
The two-headed ogre is poisoned.
The two-headed ogre is severely wounded.
The two-headed ogre hits you with a +0 giant club!!
* * * LOW HITPOINT WARNING * * *
The two-headed ogre hits you but does no damage.
You spin and attack the two-headed ogre.
You hit the two-headed ogre but do no damage.
The two-headed ogre is severely wounded.
The two-headed ogre hits you but does no damage.
The two-headed ogre hits you with a +0 giant spiked club!
* * * LOW HITPOINT WARNING * * *
The two-headed ogre looks more healthy.
The two-headed ogre hits you with a +0 giant club!
You die...

#.# ### #.# ..#
#########.## ..# .
#..........# ..#
..
#####...)..(...#
..# (.(
##..............#
..# ...(
##..###..........#
..# ....O ##.O##
#..........# ..+
......##.@##
#.[........# ..#
..?...'(.##
############ ###
......#### #####


You could see a two-headed ogre.

Vanquished Creatures
  3 death yaks (D:9)
  Pikel (D:7)
  A gargoyle (D:8)
  2 trolls
  A hornet (D:9)
  Grinder (D:6)
  A shadow (D:9)
  11 yaks (D:9)
  Grum (D:8)
  4 vampire mosquitoes (D:9)
  Duvessa (D:5)
  An orc warrior (D:9)
  2 sky beasts (D:7)
  An ice beast (D:7)
  5 ogres
  A necrophage (D:8)
  2 wolves (D:8)
  4 lemures (D:7)
  2 kobold brigands
  2 bullfrogs
  A scorpion (D:4)
  Dowan (D:5)
  A water moccasin zombie (D:5)
  3 killer bees (D:8)
  11 wights
  A vampire bat (D:5)
  2 centaur zombies
  4 jellies
  A hound (D:7)
  A gnoll shaman (D:7)
  2 centaur skeletons
  A bullfrog skeleton (D:7)
  6 orc wizards
  3 iguanas
  2 killer bee zombies (D:8)
  A hound skeleton (D:4)
  Robin (D:3)
  2 howler monkey zombies
  4 gnolls
  A howler monkey skeleton (D:4)
  10 adders
  A shadow imp (D:6)
  2 white imps
  3 worms
  4 dart slugs
  3 fire bats (D:5)
  25 orcs
  2 spectral bats (D:5)
  5 ball pythons
  10 bats
  3 bat skeletons (D:5)
  A bat zombie (D:5)
  3 endoplasms
  5 giant cockroaches
  7 hobgoblins
  10 jackals
  5 quokkas
  A bat simulacrum (D:5)
  13 frilled lizards
  19 goblins
  15 kobolds
  5 rats
248 creatures vanquished.

Vanquished Creatures (others)
  An orc (D:4)
  9 plants (D:6)
10 creatures vanquished.

Grand Total: 258 creatures vanquished

Notes
Turn   | Place    | Note
-------+----------+-------------------------------------------
     0 | D:1      | siradein the Gargoyle Fighter began the quest for the Orb.
     0 | D:1      | Reached XP level 1. HP: 14/14 MP: 1/1
   171 | D:1      | Reached XP level 2. HP: 19/19 MP: 2/2
   245 | D:1      | Reached skill level 3 in Maces & Flails
   744 | D:1      | Found Zudwatu's Book Shoppe.
   789 | D:1      | Reached XP level 3. HP: 23/23 MP: 3/3
  1452 | D:2      | Reached skill level 4 in Maces & Flails
  1926 | D:2      | Reached XP level 4. HP: 28/28 MP: 4/4
  3344 | D:3      | Reached skill level 5 in Maces & Flails
  3391 | D:3      | Found an ancient bone altar of Kikubaaqudgha.
  3510 | D:3      | Reached XP level 5. HP: 29/32 MP: 5/5
  3707 | D:3      | Found a runed translucent gate.
  3707 | D:3      | Found a runed translucent gate.
  3709 | D:3      | Found a runed translucent gate.
  3710 | D:3      | Noticed 2FriedEggs's ghost (weakling GnAr)
  3710 | D:3      | Noticed siradein's ghost (amateur GrGl)
  3710 | D:3      | Noticed PewDiePie's ghost (amateur DsGl)
  3711 | D:3      | Noticed mandarbmax's ghost (weakling TrMo)
  3711 | D:3      | Noticed CougarLife's ghost (amateur GnTm)
  3732 | D:4      | Noticed Robin
  3924 | D:3      | Killed Robin
  4025 | D:4      | Found a blossoming altar of Fedhas.
  4388 | D:4      | Reached skill level 6 in Maces & Flails
  4388 | D:4      | Reached XP level 6. HP: 37/37 MP: 6/6
  4457 | D:4      | Reached skill level 7 in Maces & Flails
  4786 | D:4      | Noticed an angel
  4786 | D:4      | Found a glowing silver altar of Zin.
  4787 | D:4      | Found a shimmering altar of Xom.
  5010 | D:4      | Reached XP level 7. HP: 40/41 MP: 7/7
  5101 | D:4      | Found a basalt altar of Yredelemnul.
  5473 | D:5      | Entered Level 5 of the Dungeon
  5880 | D:5      | Reached skill level 8 in Maces & Flails
  6157 | D:5      | Noticed Dowan
  6173 | D:5      | Noticed Duvessa
  6196 | D:5      | Killed Duvessa
  6212 | D:5      | Killed Dowan
  6408 | D:5      | Reached skill level 9 in Maces & Flails
  6416 | D:5      | Reached XP level 8. HP: 46/46 MP: 8/8
  7375 | D:6      | Found a broken altar of Ashenzari.
  7546 | D:6      | Reached skill level 10 in Maces & Flails
  7758 | D:6      | Noticed Grinder
  7771 | D:6      | Paralysed by Grinder for 4 turns
  7777 | D:6      | Paralysed by Grinder for 3 turns
  7780 | D:6      | Killed Grinder
  8198 | D:6      | Reached skill level 11 in Maces & Flails
  8237 | D:6      | Noticed a troll
  8255 | D:6      | Killed a troll
  8256 | D:6      | Reached XP level 9. HP: 35/51 MP: 9/9
  8592 | D:7      | Found a staircase to the Ecumenical Temple.
  8603 | Temple   | Entered the Ecumenical Temple
  8655 | Temple   | Became a worshipper of the Wu Jian Council
  8733 | D:7      | Reached skill level 12 in Maces & Flails
  8797 | D:7      | Noticed Pikel
  8838 | D:7      | Killed Pikel
  9568 | D:7      | Found a glowing golden altar of the Shining One.
  9572 | D:7      | Found a hazy altar of Hepliaklqana.
  9577 | D:7      | Found a white marble altar of Elyvilon.
  9692 | D:7      | Reached skill level 13 in Maces & Flails
 10107 | D:8      | Noticed a gargoyle
 10127 | D:8      | Killed a gargoyle
 10128 | D:8      | Reached XP level 10. HP: 37/56 MP: 10/10
 10240 | D:8      | Reached skill level 5 in Shields
 10325 | D:8      | Reached * piety under Wu Jian
 10745 | D:8      | Noticed an orange crystal statue
 10827 | D:8      | Noticed Grum
 10838 | D:8      | Killed Grum
 11452 | D:9      | Noticed a death yak
 11609 | D:9      | Killed a death yak
 11610 | D:9      | Reached skill level 14 in Maces & Flails
 11714 | D:9      | Reached XP level 11. HP: 57/60 MP: 11/11
 11746 | D:9      | Found a staircase to the Lair.
 11748 | D:9      | Noticed a death yak
 11748 | D:9      | Noticed a death yak
 11794 | D:9      | Killed a death yak
 11795 | D:9      | Reached skill level 10 in Shields
 11807 | D:9      | Killed a death yak
 11953 | D:9      | Reached ** piety under Wu Jian
 12231 | D:10     | Entered Level 10 of the Dungeon
 12428 | D:10     | Noticed a two-headed ogre
 12467 | D:10     | HP: 2/60 [two-headed ogre/+0 giant club (10)]
 12478 | D:10     | Slain by a two-headed ogre

Illustrated notes

Levels and vault maps discovered:
D:1:      scummos_arrival_star, layout_loops_corners, serial_shops, shop
D:2:      layout_basic
D:3:      layout_loops_corners, lemuel_round_altar, gammafunk_ghost_cemetery,
          dk_noncrumbling_3, nicolae_underground_beach
D:4:      layout_loops_ring, grunt_temple_overflow_order_and_chaos_1,
          lemuel_coloured_pillars_altar, nicolae_overflow_crystal_walls,
          minmay_fractal_squares_diagonal_5, uniq_robin
D:5:      layout_basic, goddamned_bats, uniq_duvessa
D:6:      layout_gridville, general_overflow_altar, grunt_ministairs_11,
          minmay_lizard_king, uniq_grinder
D:7:      layout_basic, grunt_temple_overflow_diamond, temple_fountains,
          uniq_pikel
D:8:      layout_basic, disabler_island, uniq_psyche, uniq_grum
D:9:      layout_loops_ring, dpeg_lair_monsters, minmay_misc_feat_cross,
          minivault_1, minivault_24
D:10:     layout_roguey
Temple:   cyrus_circular_temple

Skill      XL: |  1  2  3  4  5  6  7  8  9 10 11 |
---------------+----------------------------------+-----
Maces & Flails | 3 4 5 6 7 9 11 13 14 | 14.0
Shields        | 4 9 11 | 11.4
Fighting       | |  3.2
Armour         | |  3.2

Action                   |  1- 3 |  4- 6 |  7- 9 | 10-12 || total
-------------------------+-------+-------+-------+-------++-------
Melee: Flail             |   119 |   209 |   320 |   300 ||   948
       Whip              |       |       |   102 |       ||   102
Throw: Dart              |       |       |     2 |     6 ||     8
       Stone             |       |       |     8 |       ||     8
Invok: Lunge             |       |       |     3 |    12 ||    15
       Whirlwind         |       |       |       |    39 ||    39
Armor: Scale mail        |    58 |    94 |       |       ||   152
       Plate armour      |       |    27 |   283 |    17 ||   327
       Troll leather arm |       |       |       |    60 ||    60
Dodge: Dodged            |    42 |    63 |    54 |    55 ||   214
Block: Kite shield       |    53 |   126 |   221 |   117 ||   517

Table legend: (Time is in decaauts)
 A = Elapsed time spent in this place.
 B = Non-inter-level travel time spent in this place.
 C = Inter-level travel time spent in this place.
 D = Time resting spent in this place.
 E = Time spent auto-exploring this place.
 F = Levels seen in this place.
 G = Mean time per level.
                   A        B        C        D        E       F      G
               +--------+--------+--------+--------+--------+-----+--------+
         Total |  12607 |  12352 |    255 |    544 |   9245 |  11 | 1146.1 |
       Dungeon |  12545 |  12290 |    255 |    544 |   9202 |  10 | 1254.5 |
        Temple |     61 |     61 |      0 |      0 |     43 |   1 |   61.0 |
               +--------+--------+--------+--------+--------+-----+--------+

Top non-repeatable levels by time:
     D:5: 1775 daAuts
     D:4: 1570 daAuts
     D:1: 1551 daAuts
     D:2: 1349 daAuts
     D:3: 1271 daAuts
     D:9: 1268 daAuts
     D:7: 1249 daAuts
     D:6: 1166 daAuts
     D:8: 1139 daAuts
    D:10: 203 daAuts
  Temple: 61 daAuts
